 Dungeon Crawl Stone Soup version 0.31.0-11-ge490571c62 (webtiles) character file.

Game seed: 7789447809782945906

9 Ashen the Sneak (level 2, 0/15 HPs)
             Began as a Kobold Enchanter on Feb 1, 2024.
             Frozen to death by an endoplasm (4 damage)
             ... on level 1 of the Dungeon.
             The game lasted 00:00:26 (148 turns).

Ashen the Sneak (Kobold Enchanter)                   Turns: 148, Time: 00:00:26

Health: 0/15       AC:  2    Str:  5    XL:     2   Next: 20%
Magic:  5/5        EV: 15    Int: 16    God:
Gold:   23         SH:  0    Dex: 15    Spells: 5/5 levels left

rFire   . . .        a - +1 dagger
rCold   . . .        (no shield)
rNeg    . . .        b - +0 robe
rPois   .            (no helmet)
rElec   .            (no cloak)
rCorr   .            (no gloves)
SInv    .            (no boots)
Will    .....        (no amulet)
Stlth   ++++         (no ring)
HPRegen 0.22/turn    (no ring)
MPRegen 0.09/turn

%: no passive effects
@: no status effects
A: small, no large weapons, nightstalker 3
a: no special abilities


You were on level 1 of the Dungeon.
You visited 1 branch of the dungeon, and saw 1 of its levels.

You collected 23 gold pieces.

Inventory:

Hand Weapons
 a - a +1 dagger (weapon)
Armour
 b - a +0 robe (worn)
Scrolls
 d - a scroll of poison {unknown}
Potions
 c - 2 potions of invisibility


   Skills:
 + Level 1.7 Short Blades
 + Level 2.6 Dodging
 + Level 4.2 Stealth
 + Level 2.3 Spellcasting
 + Level 3.1 Hexes


You had 5 spell levels left.
You didn't know any spells.
Your spell library contained the following spells:

 Spells                   Type           Power      Damage    Failure   Level
 Ensorcelled Hibernation  Hex/Ice        12%        N/A       16%         2
 Confusing Touch          Hex            11%        N/A       17%         3
 Tukima's Dance           Hex            11%        N/A       17%         3
 Dazzling Flash           Conj/Hex       12%        N/A       32%         3


Dungeon Overview and Level Annotations

Branches:
Dungeon (1/15)

Altars:


Innate Abilities, Weirdness & Mutations

You are small and have problems with some larger weapons.
You are completely attuned to the shadows.


Message History

The hobgoblin splashes around in the water.
You hit the dart slug.
You kill the dart slug!
The hobgoblin hits you.
You have reached level 2!
Your unstable footing causes you to fumble your attack.
The hobgoblin hits you.
You hit the hobgoblin but do no damage. The hobgoblin misses you.
You hit the endoplasm.
The endoplasm is lightly wounded.
The hobgoblin splashes around in the water.
The endoplasm hits you.
Your unstable footing causes you to fumble your attack.
The hobgoblin barely misses you. The endoplasm barely misses you.
Your unstable footing causes you to fumble your attack.
The hobgoblin closely misses you. The endoplasm freezes you.
You are frozen.
You are too injured to fight recklessly!
You are too injured to fight recklessly!
The hobgoblin attacks as it pursues you!
The hobgoblin splashes around in the water.
You hit the hobgoblin.
The hobgoblin is moderately wounded.
The hobgoblin hits you.
* * * LOW HITPOINT WARNING * * *
You closely miss the hobgoblin.
The hobgoblin is moderately wounded.
Something hits the plant.
The plant begins to die.
The hobgoblin closely misses you.
You hit the hobgoblin.
The hobgoblin is heavily wounded.
Something hits the plant.
The hobgoblin closely misses you.
You hit the hobgoblin.
You kill the hobgoblin!
You hit the endoplasm.
The endoplasm is almost dead.
The endoplasm freezes you.
You are frozen.
You die...

###.#......##..##
##...#..###.##...##
..###..###.##
#.##.#..# P~P...##
#.PP...##.....
.~PP..#
##~~~~~..##....
~~~P#.###.P~PPP
#....
♣~P...##PP~PP.
#.#..
PP~~#..##P~♣~~
#...#
~~~P..@#~J~~~P .##
~P≈~PPPJP~~~~.
.P≈♣PPP~P~♣~..
P♣≈~PPP~♣~...
~≈♣♣P♣♣~~P?. ≈♣
~P#.


You could see an endoplasm.

Vanquished Creatures
  A dart slug (D:1)
  A ball python (D:1)
  A goblin (D:1)
  2 hobgoblins (D:1)
  A bat (D:1)
6 creatures vanquished.

Notes
Turn   | Place    | Note
-------+----------+-------------------------------------------
     0 | D:1      | Ashen the Kobold Enchanter began the quest for the Orb.
     0 | D:1      | Reached XP level 1. HP: 10/10 MP: 3/3
   136 | D:1      | Reached XP level 2. HP: 12/15 MP: 5/5
   148 | D:1      | Frozen to death by an endoplasm

Illustrated notes

Levels and vault maps discovered:
D:1:      lightli_arrival_maybe_door_vault, layout_rooms, serial_bayou_lagoon_a,
          wander_ebering_terrifying_dragon_lair

Action                     || total
---------------------------++-------
  Melee: Dagger            ||    33
   Stab: Sleeping          ||     3
 Armour: Robe              ||    12
  Dodge: Dodged            ||    13
